[Event "37th ECCC 2022"]
[Site "Mayrhofen"]
[Date "2022.10.05"]
[Round "3.62"]
[White "Pelletier, Yannick"]
[Black "Ris, Robert"]
[Result "1/2-1/2"]
[ECO "D37"]
[WhiteElo "2521"]
[BlackElo "2467"]
[Annotator "TA"]
[PlyCount "141"]
[EventDate "2022.10.03"]
[EventType "team-tourn"]
[EventCountry "AUT"]
[SourceTitle "playchess.com"]
[Source "ChessBase"]
[SourceQuality "1"]
[TimeControl "40/5400+30:1800+30"]

1. d4 d5 2. c4 e6 3. Nf3 Nf6 4. Nc3 h6 5. g3 Bd6 6. Bg2 {[%emt 0:00:30] D37: Queen's Gambit Declined: 5 Bf4.} Nc6 7. b3 O-O 8. O-O {[%emt 0:02:11] White has an edge.} dxc4 9. bxc4 e5 10. c5 (10. Rb1 {keeps more tension.} exd4 11. Nxd4 Nxd4 12. Qxd4 Re8 13. Rd1) 10... exd4 11. Nxd4 Bxc5 12. Nxc6 bxc6 13. Qxd8 Rxd8 14. Bxc6 Rb8 15. Bf4 Bb7 (15... Bb6 {looks sharper.} 16. Na4 Bh3 17. Nxb6 Bxf1 18. Bxc7 Bxe2 19. Re1 Ba6) 16. Bxb7 Rxb7 {[%emt 0:00:05] [#]} 17. Rab1 $146 ({Predecessor:} 17. Rfd1 Re8 18. Rab1 Rxb1 19. Rxb1 Bb6 20. Kf1 g5 21. Bd2 Rd8 22. Be1 Kf8 23. e3 {0-1 (54) Skatchkov,V (2282)-Faizrakhmanov,R (2480) Cheliabinsk 2022}) 17... Rxb1 18. Rxb1 Bb6 19. Na4 Rd4 20. Nxb6 cxb6 $11 {[%emt 0:00:06][%mdl 4096] Endgame KRB-KRN} 21. Rb3 Ra4 22. a3 Ne4 23. f3 g5 24. Be5 f6 {[%emt 0:02:16] [#] ...Nc5 is the strong threat.} 25. Bb2 Nc5 26. Rb4 {[%emt 0:00:24] aiming for Rxa4.} Kf7 27. g4 Ke6 28. Kf2 Rxb4 29. axb4 {[%emt 0:00:03] KB-KN} Nb7 30. Ke3 a5 31. bxa5 bxa5 32. Kd4 Nd6 33. Kc5 Ne8 34. Kb5 Nd6+ 35. Kc5 Ne8 36. Bc3 Nd6 $1 37. Be1 (37. h3 $5 ) 37... a4 38. Bb4 f5 39. h3 Nf7 40. Bc3 a3 41. Kb4 a2 42. Kb3 Ne5 (42... fxg4 $1 $11 43. hxg4 h5 44. gxh5 Kf5) 43. Kxa2 $16 Ng6 {[%emt 0:00:45] [#]} 44. Bd2 $1 f4 45. Bc3 Kf7 {[%emt 0:01:20] Prevents Bg7.} 46. Kb3 Nh4 47. Kc4 Ng2 48. Bd4 Nh4 49. Bf2 {[%emt 0:01:57] And now Bxh4 would win.} Ng6 50. Kd5 Ne7+ 51. Ke5 Ng6+ 52. Kd6 Kf6 53. Kd7 Kf7 54. Be1 Ne5+ 55. Kd6 Ng6 56. Bc3 Nh4 57. Ke5 Ng6+ 58. Ke4 Nh4 59. Be1 {[%emt 0:01:35] Strongly threatening Bxh4.} Ng6 60. Bd2 Ke6 61. e3 fxe3 62. Bxe3 Kf6 63. Bd4+ Kf7 64. Be5 {[%emt 0:02:28] Against Nf4} ({White should try} 64. Bc3 $16) 64... Nh4 (64... Nxe5 $11 {remains equal.} 65. Kxe5 Kg7) 65. Bg3 Ng6 66. Be5 Nh4 67. Bg3 Ng6 $1 68. f4 (68. Kf5 $16) 68... gxf4 $11 69. Bxf4 h5 (69... Nxf4 $11 70. Kxf4 Ke6) 70. gxh5 (70. g5 $1 $14) 70... Nxf4 71. Kxf4 {[%emt 0:00:04] Weighted Error Value: White=0.02 (flawless) /Black=0.04 (flawless)} 1/2-1/2

[Event "37th ECCC 2022"]
[Site "Mayrhofen"]
[Date "2022.10.05"]
[Round "3.63"]
[White "Ragnarsson, Dagur"]
[Black "Petkidis, Anthony"]
[Result "0-1"]
[ECO "E10"]
[WhiteElo "2348"]
[BlackElo "2447"]
[Annotator "TA"]
[PlyCount "124"]
[EventDate "2022.10.03"]
[EventType "team-tourn"]
[EventCountry "AUT"]
[SourceTitle "playchess.com"]
[Source "ChessBase"]
[SourceQuality "1"]
[TimeControl "40/5400+30:1800+30"]

1. d4 Nf6 2. c4 e6 3. Nf3 d5 4. g3 Bb4+ 5. Bd2 Bd6 6. Bg2 {[%emt 0:01:13] E01: Catalan: Early deviations.} c6 7. O-O Nbd7 8. Qb3 {[%emt 0:03:02] White has an edge.} O-O 9. Nc3 dxc4 10. Qxc4 e5 11. Rad1 Qe7 12. Bg5 h6 13. Bc1 (13. Bxf6 $5 Nxf6 14. dxe5 (14. Nxe5 Bxe5 15. dxe5 Qxe5 $14) 14... Bxe5 15. Nxe5 Qxe5 16. Qb4 $11) 13... e4 (13... Nb6 $5 14. Qb3 $8 e4 $11) 14. Nd2 Nb6 15. Qb3 Bf5 16. f3 exf3 17. Nxf3 c5 {[%emt 0:16:17] [#]} 18. Nh4 $146 ({Predecessor:} 18. Nb5 c4 19. Qe3 Be4 20. Nxd6 Qxd6 21. Ne5 Bxg2 22. Kxg2 Qd5+ 23. Qf3 Ne4 24. Ng4 {0-1 (43) Parkhov,Y (2350)-Praggnanandhaa,R (2567) New Delhi 2019}) 18... Be6 19. d5 Bg4 20. e4 Bxd1 21. Qxd1 Be5 22. Nf5 Qd8 23. g4 (23. Bf4 $15 Nbd7 24. Qb3) 23... Ne8 24. g5 Nd6 25. Qg4 Kh8 (25... Nxf5 $17 26. Rxf5 h5) 26. Rf3 (26. Kh1 $11) 26... Nxf5 (26... Qd7 $1 $17 27. Qh4 Nxf5 28. exf5 Bd4+ 29. Kh1 Rae8) 27. exf5 $15 Bd4+ (27... Nxd5 28. gxh6 g5 29. fxg6 fxg6 30. Nxd5 $16) (27... Re8 $5 28. gxh6 Bd4+ 29. Kf1 g6 30. fxg6 fxg6 $17) 28. Kh1 Re8 {[%emt 0:01:23] aiming for ...Bxc3.} (28... Nxd5 $2 29. gxh6 Re8 30. Rf1 (30. hxg7+ Kg8 $18) 30... gxh6 31. Nxd5 $18) 29. Ne4 Qxd5 ({Black should try} 29... Qd7 $1 $15 30. Qh4 Rxe4 $1 31. Qxe4 hxg5) 30. Rh3 $2 (30. Rf1 $11 {and White is okay.}) 30... Qc4 31. Qd1 {[%emt 0:08:09] [#]} Rxe4 32. Bxe4 Bxb2 33. Bxb2 $2 {[%emt 0:01:14] Black continues to play with concentration.} ({White has to play} 33. Bxb7 $15 Bxc1 34. Bxa8 Bxg5 35. Bf3) 33... Qxe4+ $19 34. Kg1 Qxf5 35. Rg3 (35. Rh5 {is a better defense.}) 35... Kh7 36. gxh6 g6 37. Rf3 Qg4+ 38. Kh1 Qe4 (38... Kxh6 $2 39. Bc1+ Kg7 {[#]} 40. Rxf7+ $3 Kxf7 41. Qxg4 $18) 39. Qb3 (39. Kg1 $142 f5 40. Qd3) 39... Nd5 {[%emt 0:00:35] Strongly threatening ...c4.} 40. Kg1 Rf8 41. Bg7 $2 (41. Rf2) 41... c4 42. Qa3 Qg4+ 43. Kf1 Re8 44. Rxf7 Qd1+ 45. Kg2 Re2+ (45... Qd2+ $142 46. Kg3 Re3+ 47. Qxe3 Qxe3+ 48. Rf3 Qg1+ 49. Kh3 Ne3 50. Rxe3 Qxe3+ 51. Kg4 c3 52. Bxc3 Qxc3 53. h4 Qc4+ 54. Kg5 Qxa2 55. h5 gxh5 56. Kf5 Qe2 57. Kf4 Kxh6 58. Kf5 Kg7 59. Kf4 Kf6 60. Kg3 Kf5 61. Kh3 Kf4 62. Kh4 Qh2#) 46. Kh3 Re3+ 47. Qxe3 Nxe3 48. Bd4+ Kg8 49. Rg7+ Kf8 50. Bc5+ Ke8 51. Rg8+ Kd7 52. Rg7+ Kc6 53. Bxe3 {[%emt 0:00:05] KQ-KRB} Qf3+ 54. Kh4 Qxe3 55. Rxg6+ {[%emt 0:00:05] KQ-KR} Kb5 (55... Kc5 $142 56. h7 Qe4+ 57. Kh5 Qe8 58. Kh6 Qf8+ 59. Kg5 c3 60. Rg8 Qe7+ 61. Kh6 Qd6+ 62. Kg5 Qe7+ 63. Kh6 Qd6+ 64. Kg5 Qe7+) 56. Rg5+ Kb4 {[%emt 0:00:30] Black mates.} 57. a3+ Ka4 58. Rh5 Qf4+ 59. Kh3 Qf3+ 60. Kh4 Qf6+ 61. Kh3 c3 62. h7 Qh8 {[%emt 0:00:36] Weighted Error Value: White=0.66/Black=0.31} (62... Qf3+ $142 63. Kh4 c2 64. Rg5 Qf2+ 65. Kh5 Qxh2+ 66. Kg6 c1=Q 67. Rg4+ Kxa3 68. h8=Q Qxh8 69. Rg3+ Kb4 70. Rg4+ Kc5 71. Rg5+ Kd6 72. Rg3 Qg8+ 73. Kh5 Qh1+ 74. Rh3 Qxh3#) 0-1

[Event "37th ECCC 2022"]
[Site "Mayrhofen"]
[Date "2022.10.05"]
[Round "3.64"]
[White "Fischer, Daniel"]
[Black "Bjornsson, Sigurbjorn"]
[Result "1/2-1/2"]
[ECO "B78"]
[WhiteElo "2407"]
[BlackElo "2308"]
[Annotator "TA"]
[PlyCount "76"]
[EventDate "2022.10.03"]
[EventType "team-tourn"]
[EventCountry "AUT"]
[SourceTitle "playchess.com"]
[Source "ChessBase"]
[SourceQuality "1"]
[TimeControl "40/5400+30:1800+30"]

1. e4 c5 2. Nf3 d6 3. d4 cxd4 4. Nxd4 Nf6 5. Nc3 g6 6. Be3 Bg7 7. f3 O-O 8. Qd2 Nc6 9. Bc4 Bd7 10. O-O-O Rc8 11. Bb3 Nxd4 $1 {[%emt 0:00:06][%mdl 4] is now more promising than 11...Ne5.} 12. Bxd4 b5 13. Nd5 Nxd5 {[%emt 0:00:07] B78: Sicilian Dragon: Yugoslav Attack, 9 Bc4 Bd7 10 0-0-0 Rc8.} 14. Bxg7 $1 Kxg7 15. exd5 a5 {[%emt 0:00:11] White is slightly better.} 16. a3 $1 Kg8 17. Rhe1 $1 Rc5 18. Re3 b4 19. axb4 axb4 20. Qxb4 Qa8 $1 21. Bc4 {[%emt 0:00:32] [#]} Qa7 $146 {[%emt 0:21:36][%cal Oc5c4] [#] aiming for ...Rxc4!} ({Predecessor:} 21... Bf5 22. Ra3 Qc8 23. b3 Qc7 24. Qd2 Rc8 25. Qd4 e5 26. dxe6 d5 27. exf7+ Qxf7 {½-½ (47) Ma,Q (2606)-Jones,G (2625) Auckland 2016}) 22. Rxe7 Rfc8 23. b3 ({White should play} 23. Bd3 $14) 23... Qa1+ $11 {[%emt 0:02:51] The position is equal.} 24. Kd2 Qb2 $36 {[%emt 0:00:30][%mdl 2048] Black is more active.} 25. Rxd7 {[%emt 0:22:40] [#] Hoping for Qb7.} Rxc4 26. Qxc4 Rxc4 27. bxc4 {[%emt 0:00:36][%mdl 4096] Endgame KQ-KRR} Qd4+ 28. Kc1 Qa1+ 29. Kd2 Qd4+ 30. Kc1 Qxc4 31. Re7 Qf4+ 32. Rd2 Qxh2 33. c4 Qg1+ 34. Kc2 Qa1 35. Rc7 {[%emt 0:04:48] Active counter play!} Qa2+ 36. Kc1 Qa1+ 37. Kc2 Qa2+ 38. Kc1 Qa1+ {[%emt 0:01:15] Weighted Error Value: White=0.05 (flawless) /Black=0.02 (flawless)} 1/2-1/2

[Event "37th ECCC 2022"]
[Site "Mayrhofen"]
[Date "2022.10.05"]
[Round "3.65"]
[White "Lagerman, Robert"]
[Black "Vogt, Lothar"]
[Result "1/2-1/2"]
[ECO "B52"]
[WhiteElo "2305"]
[BlackElo "2331"]
[Annotator "TA"]
[PlyCount "50"]
[EventDate "2022.10.03"]
[EventType "team-tourn"]
[EventCountry "AUT"]
[SourceTitle "playchess.com"]
[Source "ChessBase"]
[SourceQuality "1"]
[TimeControl "40/5400+30:1800+30"]

1. e4 c5 2. Nf3 d6 3. Bb5+ Bd7 4. Bxd7+ Qxd7 5. O-O Nc6 6. Re1 Nf6 7. c3 e6 8. d4 cxd4 9. cxd4 d5 10. e5 Ne4 11. Nbd2 Nxd2 12. Bxd2 Be7 13. Rc1 O-O {[%emt 0:00:43] The position is equal.} 14. Qb3 {[%emt 0:04:13] B52: Sicilian: Moscow Variation with 3...Bd7.} Rfc8 15. Rc2 $1 a6 16. Rec1 {[%emt 0:01:29] [#]} Na7 $146 ({Predecessor:} 16... b5 17. Qd3 Na7 18. Ng5 Bxg5 19. Bxg5 Rxc2 20. Rxc2 Rc8 21. Bd2 Rxc2 22. Qxc2 Qc6 {0-1 (74) Alberny,M (2081)-Sutela,R (2319) ICCF email 2011}) 17. Bb4 Bxb4 18. Qxb4 Rxc2 19. Rxc2 Rc8 20. Rxc8+ Qxc8 $11 {[%emt 0:01:23] KQN-KQN} 21. h3 Qc1+ 22. Kh2 Qf4+ 23. Kg1 Qc1+ 24. Kh2 Qf4+ 25. Kg1 Qc1+ {Not much happened in this game.  Weighted Error Value: White=0.01 (flawless) /Black=0.01 (flawless)} 1/2-1/2

[Event "37th ECCC 2022"]
[Site "Mayrhofen"]
[Date "2022.10.05"]
[Round "3.66"]
[White "Friedrich, Norbert"]
[Black "Finnsson, Johann Arnar"]
[Result "1-0"]
[ECO "B01"]
[WhiteElo "2243"]
[BlackElo "1891"]
[Annotator "TA"]
[PlyCount "45"]
[EventDate "2022.10.03"]
[EventType "team-tourn"]
[EventCountry "AUT"]
[SourceTitle "playchess.com"]
[Source "ChessBase"]
[SourceQuality "1"]
[TimeControl "40/5400+30:1800+30"]

1. e4 d5 2. exd5 Qxd5 3. Nc3 Qd8 4. d4 c6 5. Bc4 Bf5 6. Nf3 Nf6 7. Ne5 e6 {[%emt 0:06:28] B01: Scandinavian Defence.} 8. g4 $1 Bg6 9. h4 $1 {[%emt 0:00:11] White is more active.} Bb4 {[%emt 0:03:54] White is better.} 10. f3 Bxc2 11. Qxc2 $18 Qxd4 12. Qe2 {[%emt 0:00:44][%cal Oe5f7] And now Nxf7! would win.} (12. f4 Nbd7 13. Nxd7 Nxg4 $14) 12... Bxc3+ 13. bxc3 Qxc3+ 14. Kf2 Qxa1 {[%emt 0:01:09] [#]} (14... O-O {was called for.}) 15. Nxf7 $1 O-O {[%emt 0:18:07] [#]} 16. Qxe6 {[%emt 0:11:23][%mdl 8192] Chess con chili.} (16. Rd1 $1 $18 {is the narrow road to win.} Nd5 17. Bb2 Qxd1 18. Nh6+ gxh6 19. Qxd1) 16... Qd4+ $2 {[%emt 0:00:36] [#]} ({Black should try} 16... Nbd7 $1 $19 17. h5 (17. Ne5+ $2 Kh8 $19) 17... Qd4+ 18. Be3 Qb2+ 19. Kg3 Rae8 20. Ne5+ Rxe6 21. Bxe6+ Rf7 $3 22. Bxf7+ Kf8 23. Nxd7+ Kxf7) 17. Kg2 $146 (17. Be3 $11 {and White is okay.} Qb2+ 18. Kg3) ({Predecessor:} 17. Be3 Qd7 18. Ne5+ Qxe6 19. Bxe6+ Kh8 20. h5 Ng8 21. Bd4 Nh6 22. Ng6+ hxg6 23. hxg6 Rf6 24. Rxh6+ gxh6 25. Bxf6# {1-0 (25) Kanov,N (2079)-Diaz Carrasco,S (2036) Sitges 2020}) 17... Qd7 $4 (17... Nbd7 $19 18. Nh6+ Kh8) 18. Ne5+ $1 {[%emt 0:01:16][%mdl 64] Discovered Attack} Qxe6 19. Bxe6+ {[%emt 0:00:05] A strong pair of Bishops.} Kh8 {[%emt 0:00:12] [#]} 20. h5 $1 {[%emt 0:00:34][%cal Oe5g6,Bh4h5,Bh5g6][%mdl 32] White threatens Ng6+! and mate.} ({Weaker is} 20. Nf7+ {[#]} Rxf7 $1 21. Bxf7 Na6 $14) 20... Na6 {[%emt 0:04:56] [#]} 21. Ng6+ $1 {[%emt 0:00:47][%mdl 512] White mates.} hxg6 22. hxg6+ Nh5 23. Rxh5# {Weighted Error Value: White=0.73/Black=0.83} 1-0

[Event "37th ECCC 2022"]
[Site "Mayrhofen"]
[Date "2022.10.06"]
[Round "4.1"]
[White "Anand, Viswanathan"]
[Black "Mamedyarov, Shakhriyar"]
[Result "1-0"]
[ECO "C83"]
[WhiteElo "2756"]
[BlackElo "2747"]
[Annotator "TA"]
[PlyCount "107"]
[EventDate "2022.10.03"]
[EventType "team-tourn"]
[EventCountry "AUT"]
[SourceTitle "playchess.com"]
[Source "ChessBase"]
[SourceQuality "1"]
[TimeControl "40/5400+30:1800+30"]

1. e4 {[%emt 0:00:03] Ramirez Alvarez,A} e5 2. Nf3 Nc6 3. Bb5 a6 4. Ba4 Nf6 5. O-O Nxe4 6. d4 b5 7. Bb3 d5 8. dxe5 Be6 9. c3 Be7 10. Nbd2 Nc5 11. Bc2 d4 12. Nb3 {[%emt 0:00:47][%cal Rb3d4] C83: Open Ruy Lopez: 9 c3 Be7.} d3 13. Bb1 Nxb3 14. axb3 {[%emt 0:00:09] The position is equal.} Bf5 15. b4 (15. Re1 O-O 16. Be3 Qd5 17. Bd4 d2 18. Re2 Bxb1 19. Rxb1 Nxd4 20. Nxd4 Bg5 21. g3 c5 22. Nf5 Qd3 23. Nd6 Qg6 24. h4 Bh6 25. h5 Qxh5 26. Rxd2 Qxe5 27. Rd5 Qf6 {½-½ (59) Anand,V (2768)-Mamedyarov,S (2801) Saint Louis 2018}) 15... O-O 16. Re1 {[%emt 0:01:04] The old main line.} Qd7 17. h3 Rfd8 18. g4 Bg6 19. Bf4 a5 20. bxa5 Rxa5 21. Ba2 {[%emt 0:00:22] [#] Threatens to win with e6.} Rxa2 $146 ({Predecessor:} 21... Rf8 22. b4 Ra4 23. Qd2 Nd8 24. Bg5 c5 25. Bxe7 Qxe7 26. bxc5 Qxc5 27. Nh4 Ne6 {½-½ (43) Caruana,F (2805)-Giri,A (2773) Stavanger 2015 CBM 167 [Ramirez Alvarez,A]}) 22. Rxa2 $16 Qd5 23. Ra1 b4 24. Nd2 f6 25. exf6 Bxf6 26. Rc1 Rf8 (26... h5 $142) 27. Be3 (27. Qb3 $142 $1 Qxb3 28. Nxb3) 27... bxc3 28. bxc3 Bh4 29. Rf1 (29. Rb1 $1 $16) 29... Ne5 30. f4 Nc4 31. Nxc4 Qxc4 32. f5 Bf7 33. Rf4 $1 Qd5 (33... Qc6 $1 $14) 34. Rd4 $1 $18 Qe5 (34... Qc6 $16 {might work better.}) 35. Bf4 (35. Qf3 $18 {is the precise move to win.}) 35... Qe2 $16 36. Qxe2 dxe2 37. Re4 e1=Q+ 38. Rcxe1 Bxe1 39. Rxe1 {[%emt 0:00:17][%mdl 4096] Endgame KRB-KRB} c6 40. Kf2 h6 (40... Bd5 $16 {was worth a try.} 41. Bd6 Rd8) 41. Re7 $18 Bd5 42. Kg3 Rf7 43. Re1 {[%emt 0:01:05] White is more active.} Kh7 44. Bd6 Rd7 45. Bc5 Bf7 46. Re3 {[%emt 0:00:00] Prevents Rd3.} Rd5 47. Bb6 Kg8 48. Kf4 Rb5 49. Bd4 Rd5 50. Re1 c5 51. Be3 Rd3 {[%emt 0:00:00] [#]} 52. Rc1 $1 Bb3 (52... g5+ $16 53. fxg6 Bxg6) 53. h4 c4 $2 {[%emt 0:00:00] [#]} (53... Rd1 $16 {is a better chance.} 54. Rxd1 Bxd1 55. Bxc5 Kf7) 54. Ra1 $1 {[%emt 0:00:00] Weighted Error Value: White=0.13 (very precise) /Black=0.23 (precise)} 1-0

[Event "37th ECCC 2022"]
[Site "Mayrhofen"]
[Date "2022.10.06"]
[Round "4.2"]
[White "Kryvoruchko, Yuriy"]
[Black "Rapport, Richard"]
[Result "1/2-1/2"]
[ECO "B30"]
[WhiteElo "2658"]
[BlackElo "2754"]
[Annotator "TA"]
[PlyCount "50"]
[EventDate "2022.10.03"]
[EventType "team-tourn"]
[EventCountry "AUT"]
[SourceTitle "playchess.com"]
[Source "ChessBase"]
[SourceQuality "1"]
[TimeControl "40/5400+30:1800+30"]

1. e4 c5 2. Nf3 Nc6 3. Bb5 Nf6 4. Nc3 Qc7 5. O-O Nd4 6. Re1 a6 7. Bf1 {[%emt 0:00:36] B30: Sicilian: 2...Nc6 3 Bb5, lines without ...g6.} e5 8. Nd5 {[%emt 0:03:30] 8.Bc4 is vanishing.} Nxf3+ 9. Qxf3 {[%emt 0:00:07] White is slightly better.} Nxd5 10. exd5 d6 11. c3 Be7 {[%emt 0:03:06][%cal Bf8e7,Be7f6,Bf6e5][%mdl 32] The position is equal.} 12. d4 O-O 13. Qg3 Bf6 {[%emt 0:06:26] [#]} 14. h4 $146 ({Predecessor:} 14. dxe5 Bxe5 15. Bf4 f6 16. Bd3 Qf7 17. Qf3 Bd7 18. Bg3 Rae8 19. a4 Re7 20. a5 {0-1 (41) Shimanov,A (2581)-Zhigalko,S (2572) Chess.com INT 2021}) 14... cxd4 15. cxd4 Qb6 16. dxe5 Bxe5 17. Bf4 f6 18. Rac1 $40 {[%emt 0:01:22][%mdl 128] Black needs to defend precisely.} Bf5 19. b3 Rac8 20. Bxe5 fxe5 21. Rxc8 Rxc8 22. Qg5 Rf8 23. Qd2 Rc8 {[%emt 0:07:09] And now ...Rc2 would win.} 24. Qg5 Rf8 25. Qd2 Rc8 {[%emt 0:00:11] Weighted Error Value: White=0.03 (flawless) /Black=0.01 (flawless)} 1/2-1/2

[Event "37th ECCC 2022"]
[Site "Mayrhofen"]
[Date "2022.10.06"]
[Round "4.3"]
[White "Deac, Bogdan-Daniel"]
[Black "Kuzubov, Yuriy"]
[Result "1/2-1/2"]
[ECO "D37"]
[WhiteElo "2707"]
[BlackElo "2612"]
[Annotator "TA"]
[PlyCount "60"]
[EventDate "2022.10.03"]
[EventType "team-tourn"]
[EventCountry "AUT"]
[SourceTitle "playchess.com"]
[Source "ChessBase"]
[SourceQuality "1"]
[TimeControl "40/5400+30:1800+30"]

1. d4 Nf6 2. c4 e6 3. Nc3 d5 4. Nf3 Be7 5. g3 O-O 6. Bg2 dxc4 7. Ne5 c5 8. dxc5 Qxd1+ 9. Nxd1 Bxc5 10. Nxc4 {[%emt 0:16:43] The position is equal.} Nc6 {[%emt 0:01:08] E06: Closed Catalan: Early deviations.} 11. Nc3 Rd8 12. Be3 Bxe3 13. Nxe3 {[%emt 0:02:56] [#]} Bd7 $146 ({Predecessor:} 13... Rb8 14. f4 e5 15. f5 Nd4 16. g4 b6 17. Rc1 Bb7 18. Bxb7 Rxb7 19. Kf2 h6 {½-½ (29) Giri,A (2793)-Topalov,V (2780) Moscow 2016}) 14. O-O-O Rac8 15. Kb1 Na5 16. h3 Kf8 17. g4 Bc6 18. Rxd8+ Rxd8 19. Rd1 Rxd1+ 20. Ncxd1 Bxg2 21. Nxg2 $11 {[%emt 0:00:02][%mdl 4096] Endgame KNN-KNN} Ke7 22. Kc2 Nc6 23. Nc3 h6 24. Kd2 Ne8 25. b3 Nd6 26. Nf4 b6 27. f3 f5 28. Ke3 Kf7 29. Kf2 Ke7 30. e3 Ne5 {[%emt 0:00:55] A rather calm draw.  Weighted Error Value: White=0.04 (flawless) /Black=0.04 (flawless)} 1/2-1/2

[Event "37th ECCC 2022"]
[Site "Mayrhofen"]
[Date "2022.10.06"]
[Round "4.4"]
[White "Fedorchuk, Sergey A."]
[Black "Gukesh D"]
[Result "1-0"]
[ECO "B30"]
[WhiteElo "2619"]
[BlackElo "2732"]
[Annotator "TA"]
[PlyCount "59"]
[EventDate "2022.10.03"]
[EventType "team-tourn"]
[EventCountry "AUT"]
[SourceTitle "playchess.com"]
[Source "ChessBase"]
[SourceQuality "1"]
[TimeControl "40/5400+30:1800+30"]

1. e4 c5 2. Nf3 Nc6 3. Bb5 e6 4. O-O Nge7 5. d4 cxd4 6. Nxd4 Ng6 {[%emt 0:00:51] B30: Sicilian: 2...Nc6 3 Bb5, lines without ...g6.} 7. Be2 Be7 8. c4 O-O {[%emt 0:00:52] White is slightly better.} 9. Nc3 b6 {[%emt 0:06:18] [#]} 10. Ndb5 $1 $146 {[%emt 0:04:14][%mdl 8] A relevant novelty.} ({Predecessor:} 10. Be3 Bb7 11. g3 Nxd4 12. Qxd4 Bf6 13. Qd3 Bxc3 14. bxc3 f5 15. exf5 Ne5 16. Qd6 Rxf5 {1-0 (27) Saric,I (2668)-Gelfand,B (2668) chess24.com INT 2022}) 10... a6 11. Nd6 Qc7 12. Nxc8 Raxc8 13. Be3 Bc5 14. Qd2 Nce5 15. Na4 Bxe3 (15... Nxc4 {with more complications.} 16. Bxc4 Bxe3 17. Qxe3 b5) 16. Qxe3 Rb8 17. Rac1 Nc6 18. g3 Nge7 19. Rfd1 e5 20. Qa3 Rfe8 {[%emt 0:04:49] [#]} (20... Qd8 $11) 21. Qd6 $1 $16 Qxd6 22. Rxd6 Red8 23. Bg4 {[%emt 0:01:19] White has more active pieces.} Nc8 (23... g6 $16) 24. Rxd7 $18 Rxd7 25. Bxd7 Nd4 26. Kg2 {[%emt 0:01:44] Bxc8 is the strong threat.} Nd6 (26... Na7 $142 27. c5 bxc5 28. Rxc5 f6) 27. Nxb6 {[%emt 0:04:15] Strongly threatening c5.} Nxe4 (27... Ne2 {keeps fighting.} 28. Rd1 Nxe4) 28. c5 {[%emt 0:00:19][%cal Oc5c6] [#] aiming for c6!} Kf8 29. b4 Ke7 30. Re1 {[%emt 0:01:11] Weighted Error Value: White=0.03 (flawless) /Black=0.23 (precise)} 1-0

[Event "37th ECCC 2022"]
[Site "Mayrhofen"]
[Date "2022.10.06"]
[Round "4.5"]
[White "Sargissian, Gabriel"]
[Black "Wagner, Dennis"]
[Result "1/2-1/2"]
[ECO "D85"]
[WhiteElo "2711"]
[BlackElo "2570"]
[Annotator "TA"]
[PlyCount "70"]
[EventDate "2022.10.03"]
[EventType "team-tourn"]
[EventCountry "AUT"]
[SourceTitle "playchess.com"]
[Source "ChessBase"]
[SourceQuality "1"]
[TimeControl "40/5400+30:1800+30"]

1. d4 Nf6 2. c4 g6 3. Nc3 d5 4. cxd5 Nxd5 5. e4 Nxc3 6. bxc3 Bg7 7. Qa4+ Qd7 {[%emt 0:00:18] D85: Exchange Grünfeld: Unusual White 7th moves and lines with 7 Nf3.} 8. Qa3 $1 {[%emt 0:11:34][%mdl 4] is recently more successful than 8.Qb3.} (8. Bb5 $5 c6 9. Bd3 $14) 8... b6 9. Nf3 O-O 10. Be3 Bb7 11. Bd3 Qd6 12. Qa4 {[%emt 0:06:45] [#]} c5 $146 ({Predecessor:} 12... e5 13. Rd1 exd4 14. cxd4 Qe7 15. e5 Nd7 16. Bb5 Rad8 17. O-O Bxf3 18. gxf3 c5 19. Bxd7 Rxd7 20. dxc5 Rxd1 21. Rxd1 bxc5 22. Qc6 {½-½ (22) Franco Alonso,A (2490)-Nava Pereda,C (2281) Mondragon 2008}) 13. O-O Nc6 14. Rad1 cxd4 15. cxd4 e6 {[%emt 0:08:27] Prevents d5.} (15... Qb4 $5 16. Qb3 Qxb3 17. axb3 Nb4 $11) 16. h4 Rfc8 17. Rb1 {[%emt 0:17:12] [#]} Nxd4 $1 18. Bxd4 {[%emt 0:07:57] Rfd1 is the strong threat.} ({Much weaker is} 18. Nxd4 e5 19. Qb4 Qd8 $17) 18... e5 19. Ba6 Bxa6 20. Bxe5 $1 Bxe5 21. Qxa6 Bf6 {[%emt 0:04:27] The position is equal.} 22. Rbc1 Rxc1 23. Rxc1 Qf4 24. Rc8+ Rxc8 25. Qxc8+ $11 {[%emt 0:00:08][%mdl 4096] Endgame KQB-KQN} Kg7 26. Qb7 Bxh4 (26... Qc1+ {with more complications.} 27. Kh2 Qb2 28. Qxa7 Qxf2 29. Qc7 Bb2) 27. Nxh4 Qxh4 28. Qxa7 Qxe4 {[%emt 0:00:21] [#] White must now prevent ...Qe1+.} 29. Qxb6 {[%emt 0:00:12] KQ-KQ} Qe1+ 30. Kh2 Qe5+ 31. g3 Qh5+ 32. Kg1 Qd1+ 33. Kh2 Qh5+ 34. Kg1 Qd1+ 35. Kh2 Qh5+ {[%emt 0:00:05] Weighted Error Value: White=0.08 (flawless) /Black=0.05 (flawless)} 1/2-1/2